Match 42398314
Unlisted

Match 42398314
End
Pioneer Squad
Construct Infanterie Kompanie
Grenadier Squad
Grenadier Squad
MG 42 Machine Gun Team
Construct Panzergrenadier Kompanie
251 Medium Carrier
Panzergrenadier Officer Quarters
Selects Italian Coastal Battlegroup
Selects Designate Defensive Line
Pak 40 Anti-tank Gun Team
Panzergrenadier Squad
Selects Rapid Fortifications
Rapid Fortifications
Medical Bunker
Designate Defensive Line
Selects Coastal Reserves
Selects Artillery Officer
Artillery Officer
Rapid Fortifications
MG 42 Bunker
Construct Panzer Kompanie
MG 42 Machine Gun Team
Rapid Fortifications
MG 42 Bunker
Selects Call the Reserves!
Call the Reserves!
Panzergrenadier Squad
Pak 40 Anti-tank Gun Team
Rapid Fortifications
MG 42 Bunker
Selects Obice da 210/22 Artillery Emplacement
Rapid Fortifications
Medical Bunker
Designate Defensive Line
Rapid Fortifications
Construct Panzer Kompanie
Designate Defensive Line
Call the Reserves!
HulkSMASH
⚓️Ruby⚓
Symbiosis
*Mule
0
0

Comments sign in to comment!

No comments posted yet!